 Dungeon Crawl Stone Soup version 0.28.0-45-g0d030f2227 (webtiles) character file.

Game seed: 9441207577252466549

431 Cykl0x the Digger (level 6, -2/33 HPs)
             Began as a Gargoyle Earth Elementalist on Mar 31, 2022.
             Slain by Duvessa
             ... wielding a +0 rapier
              (12 damage)
             ... on level 5 of the Dungeon.
             The game lasted 00:08:29 (4424 turns).

Cykl0x the Digger (Gargoyle Earth Elementalist)     Turns: 4424, Time: 00:08:29

Health: -2/33      AC:  7    Str: 11    XL:     6   Next: 99%
Magic:  1/12       EV: 12    Int: 18    God:
Gold:   120        SH:  0    Dex: 10    Spells: 9/13 levels left

rFire   . . .      SeeInvis .   q - +3 flail
rCold   . . .      Faith    .   (no shield)
rNeg    + + +      Spirit   .   b - +0 robe
rPois   ∞          Reflect  .   (no helmet)
rElec   +          Harm     .   (no cloak)
rCorr   .          Rampage  .   (no gloves)
Will    .....                   m - +0 pair of boots "Wakk" {rN++}
Stlth   ++........              (no amulet)
HPRegen 0.11/turn               (no ring)
MPRegen 0.13/turn               (no ring)

@: very slightly contaminated
A: sickness immunity, AC +4, negative energy resistance 1, electricity
resistance, torment resistance 1, petrification resistance
a: no special abilities


You were on level 5 of the Dungeon.
You visited 1 branch of the dungeon, and saw 5 of its levels.
You also visited: Sewer.

You collected 120 gold pieces.

Inventory:

Hand Weapons
 a - a +0 whip
 f - a +1 mace
 q - a +3 flail (weapon)
Missiles
 c - 20 stones
Armour
 b - a +0 robe (worn)
 m - the +0 pair of boots "Wakk" (worn) {rN++}
   (You found it in a sewer)

   rN:        It greatly protects you from negative energy.
 n - a +0 leather armour
 o - a +0 ring mail
Jewellery
 j - a ring of fire
Wands
 h - a wand of digging (4)
 l - a wand of polymorph (4)
Scrolls
 k - a scroll of blinking
Potions
 d - a potion of haste
 e - a potion of degeneration
 g - a potion of berserk rage {unknown}
 i - a potion of curing


   Skills:
 + Level 0.5 Fighting
 + Level 0.3 Maces & Flails
 + Level 1.8 Dodging
 - Level 2.1 Stealth
 + Level 4.1 Spellcasting
 * Level 3.2 Conjurations
 - Level 0.7 Transmutations
 + Level 6.3 Earth Magic


You had 9 spell levels left.
You knew the following spells:

 Your Spells              Type           Power      Damage    Failure   Level
a - Sandblast             Erth           52%        2d12      1%          1
b - Stone Arrow           Conj/Erth      40%        3d9       6%          3

Your spell library contained the following spells:

 Spells                   Type           Power      Damage    Failure   Level
 Passwall                 Tmut/Erth      13%        N/A       5%          2
 Petrify                  Tmut/Erth      16%        N/A       34%         4
 Portal Projectile        Hex/Tloc       6%         N/A       41%         3
 Blade Hands              Tmut           3%         N/A       96%         5
 Excruciating Wounds      Necr           1%         N/A       99%         5


Dungeon Overview and Level Annotations

Branches:
Dungeon (5/15)              Sewer (visited)
 Temple: D:4-7

Altars:
Vehumet

Annotations:
D:5 Dowan, Duvessa


Innate Abilities, Weirdness & Mutations

You are immune to sickness and miasma.
Your stone body is resilient. (AC +4)
You are immune to poison.
You resist negative energy. (rN+)
You are resistant to electric shocks. (rElec)
You are resistant to unholy torment.
You are immune to petrification.


Message History

Aim: Duvessa, wielding a +0 rapier and wearing a +0 chain mail (83% to hit)
The stone arrow hits Duvessa!!
Duvessa is heavily wounded.
Dowan shouts!
Casting: Stone Arrow (dangerous; 6% risk of failure)
Confirm with . or Enter, or press ? or * to list all spells.
Aiming: Stone Arrow (dangerous; 6% risk of failure)
Press: ? - help, Shift-Dir - straight line, f/p - Duvessa
Aim: Duvessa, wielding a +0 rapier and wearing a +0 chain mail (heavily wounded, 83% to hit)
You miscast Stone Arrow.
You are very lightly contaminated with residual magic.
Nothing appears to happen.
Casting: Stone Arrow (dangerous; 6% risk of failure)
Confirm with . or Enter, or press ? or * to list all spells.
Aiming: Stone Arrow (dangerous; 6% risk of failure)
Press: ? - help, Shift-Dir - straight line, f/p - Duvessa
Aim: Duvessa, wielding a +0 rapier and wearing a +0 chain mail (heavily wounded, 83% to hit)
The stone arrow hits Duvessa!
Duvessa is severely wounded.
Dowan gestures wildly while chanting.
Dowan blinks!
Casting: Stone Arrow (dangerous; 6% risk of failure)
Confirm with . or Enter, or press ? or * to list all spells.
You don't have enough magic to cast this spell.
The blast of sand hits Duvessa but does no damage.
Duvessa is severely wounded.
Dowan smirks and points a slender finger.
Duvessa hits you with a +0 rapier!
You are too depleted to draw on your mana recklessly!
You hit Duvessa but do no damage.
Duvessa is severely wounded.
Duvessa hits you with a +0 rapier!
* * * LOW HITPOINT WARNING * * *
You hit Duvessa but do no damage.
Duvessa is severely wounded.
Duvessa drinks a potion.
Duvessa is healed!
You hit Duvessa.
Duvessa is severely wounded.
Duvessa hits you with a +0 rapier!
You die...

##.....## ##.......##
##########...<.....#
##...!....+.........+
#...................#
...#.#....#....†..##
. #.....#...#.....##
....#.#.....##...##
#....e@.#..###+##
...#._.#....#
#.......#..#
....#.#.....# ..#
e...#...# . .#.#.
...# ... .. .#.# .. .
##.#


You could see Duvessa and Dowan.

Vanquished Creatures
  A bullfrog (Sewer)
  A scorpion (D:4)
  A jelly (D:4)
  An iguana (D:5)
  An orc wizard (D:4)
  A gnoll (D:1)
  10 adders
  An adder skeleton (D:4)
  A worm (D:3)
  3 dart slugs
  11 orcs
  8 ball pythons
  8 endoplasms
  7 giant cockroaches
  9 hobgoblins
  12 kobolds
  8 quokkas
  4 bats
  9 frilled lizards
  9 goblins
  8 rats
114 creatures vanquished.

Notes
Turn   | Place    | Note
-------+----------+-------------------------------------------
     0 | D:1      | Cykl0x the Gargoyle Earth Elementalist began the quest for
                  | the Orb.
     0 | D:1      | Reached XP level 1. HP: 10/10 MP: 3/3
   151 | D:1      | Reached XP level 2. HP: 15/15 MP: 1/5
   250 | D:1      | Reached skill level 4 in Earth Magic
   333 | D:1      | Reached skill level 1 in Conjurations
   333 | D:1      | Reached XP level 3. HP: 19/19 MP: 2/6
   338 | D:1      | Learned a level 3 spell: Stone Arrow
   565 | D:1      | Found a faded altar of an unknown god.
   913 | D:2      | Reached XP level 4. HP: 20/24 MP: 0/7
  1366 | D:2      | Reached skill level 5 in Earth Magic
  1759 | D:3      | Reached XP level 5. HP: 7/28 MP: 0/9
  1985 | D:3      | Found a glowing drain.
  1997 | Sewer    | Entered a sewer
  2530 | Sewer    | Reached XP level 6. HP: 26/33 MP: 2/11
  2539 | Sewer    | Identified the +0 pair of boots "Wakk" {rN++}
  3681 | D:4      | Reached skill level 6 in Earth Magic
  4409 | D:5      | Entered Level 5 of the Dungeon
  4412 | D:5      | Found a radiant altar of Vehumet.
  4415 | D:5      | Noticed Duvessa
  4416 | D:5      | Noticed Dowan
  4424 | D:5      | Slain by Duvessa

Illustrated notes

Levels and vault maps discovered:
D:1:      wander_arrival_estate, layout_rooms, ebering_ecumenical_altar_rust,
          minmay_pentomino_v4
D:2:      layout_rooms
D:3:      layout_basic, cheibrodos_sewer_entry_bend
D:4:      layout_rooms
D:5:      layout_loops_corners, nicolae_vehumet_radiance,
          nicolae_ossuary_entry_monument, uniq_duvessa, uniq_crazy_yiuf_cottage

Skill      XL: |  1  2  3  4  5  6 |
---------------+-------------------+-----
Earth Magic    | 4 5 6 |  6.3
Conjurations   | 1 2 3 |  3.2
Spellcasting   | 3 4 |  4.1
Fighting       | |  0.5
Maces & Flails | |  0.3
Dodging        | |  1.8
Stealth        | |  2.1
Transmutations | |  0.7

Action                   |  1- 3 |  4- 6 || total
-------------------------+-------+-------++-------
Melee: Whip              |    22 |       ||    22
       Mace              |       |    12 ||    12
       Flail             |       |     3 ||     3
 Cast: Sandblast         |    26 |    66 ||    92
       Stone Arrow       |     8 |    49 ||    57
Evoke: Wand              |       |     1 ||     1
  Use: Scroll            |       |     6 ||     6
Armor: Robe              |     7 |     8 ||    15
Dodge: Dodged            |    16 |    23 ||    39
